 Dungeon Crawl Stone Soup version 0.30.0-29-ga12c61a403 (webtiles) character file.

Game seed: 15941711100361141504

14 Nicoed the Insei (level 2, -1/18 HPs)
             Began as an Octopode Transmuter on June 25, 2023.
             Slain by a kobold
             ... wielding a +0 club
              (5 damage)
             ... on level 1 of the Dungeon.
             The game lasted 00:00:57 (496 turns).

Nicoed the Insei (Octopode Transmuter)               Turns: 496, Time: 00:00:58

Health: -1/18      AC:  1    Str:  9    XL:     2   Next: 45%
Magic:  4/5        EV: 13    Int: 15    God:
Gold:   63         SH:  0    Dex: 12    Spells: 2/5 levels left

rFire   . .          .
                       - Unarmed
rCold   . . .        (no shield)
rNeg    . . .        (helmet currently unavailable)
rPois   .            (no amulet)
rElec   .            (no ring)
rCorr   .            (no ring)
SInv    .            (no ring)
Will    .....        (no ring)
Stlth   ++           (no ring)
HPRegen 0.23/turn    (no ring)
MPRegen 0.09/turn    (no ring)
                     (no ring)

%: no passive effects
@: appendages (expiring)
A: tentacle spike 3, almost no armour, amphibious, 8 rings, camouflage 1,
gelatinous body 1, (nimble swimmer 1), tentacles
a: End Transformation


You were on level 1 of the Dungeon.
One of your tentacles had grown a beastly spike.
You visited 1 branch of the dungeon, and saw 1 of its levels.

You collected 63 gold pieces.

Inventory:

Scrolls
 b - a scroll of torment {unknown}
 e - a scroll of butterflies {unknown}
 f - 2 scrolls of identify {unknown}
 g - a scroll of magic mapping {unknown}
Potions
 a - a potion of lignification
 c - a potion of heal wounds {unknown}
 d - a potion of might {unknown}


   Skills:
 - Level 1.0 Fighting
 - Level 2.0 Dodging
 - Level 3.0 Unarmed Combat
 - Level 2.0 Spellcasting
 + Level 3.0 Transmutations


You had 2 spell levels left.
You knew the following spells:

 Your Spells              Type           Power      Damage    Failure   Level
a - Beastly Appendage     Tmut           20%        N/A       6%          1
b - Wereblood             Tmut           10%        N/A       10%         2

Your spell library contained the following spells:

 Spells                   Type           Power      Damage    Failure   Level
 Blink                    Tloc           2%         N/A       32%         2
 Ensorcelled Hibernation  Hex/Ice        2%         N/A       32%         2
 Lesser Beckoning         Tloc           2%         N/A       32%         2
 Momentum Strike          Conj/Tloc      2%         3d8       32%         2
 Spider Form              Tmut/Pois      6%         N/A       34%         3
 Ice Form                 Ice/Tmut       6%         N/A       75%         4
 Anguish                  Hex/Necr       0%         N/A       91%         4


Dungeon Overview and Level Annotations

Branches:
Dungeon (1/15)

Altars:


Innate Abilities, Weirdness & Mutations

One of your tentacles has grown a beastly spike.
You cannot wear most types of armour.
You are amphibious.
You can wear up to eight rings at the same time.
Your skin changes colour to match your surroundings (Stealth+).
Your rubbery body absorbs attacks. (AC +1, EV +1)
((You are camouflaged when in or above water. (Stealth+)))
You have tentacles for arms and can constrict up to eight enemies at once.


Message History

Your tentacle spike misses the kobold.
The kobold is heavily wounded.
Your transformation is almost over.
You constrict the kobold. The kobold misses you. The rat bites you.
Unknown command.
You tentacle-slap the kobold but do no damage.
You pierce the kobold.
You kill the kobold!
The rat bites you.
Your Transmutations skill increases to level 3!
Unknown command.
You closely miss the rat. Your grab misses the rat. You squeeze the rat.
You kill the rat!
A frilled lizard comes into view.
Unknown command.
Casting: Beastly Appendage (safe; 6% risk of failure)
Press: ? - help, Q - select action, (/) - cycle Dir - look around, f - activate You extend your transformation's duration.
You are too injured to fight recklessly!
You are too injured to fight recklessly!
A frilled lizard comes into view. 2 frilled lizards come into view.
A kobold comes into view. It is wielding a +0 club.
Found a glowing dagger.
The frilled lizard hisses angrily. x2
You closely miss the frilled lizard.
The frilled lizard hisses angrily.
You grab the frilled lizard.
You pierce the frilled lizard.
You kill the frilled lizard!
Unknown command.
Unknown command.
You miss the kobold. Your grab misses the kobold.
Your tentacle spike misses the kobold.
Your transformation is almost over.
The kobold hits you with a +0 club.
* * * LOW HITPOINT WARNING * * *
You tentacle-slap the kobold. Your grab misses the kobold.
The kobold is moderately wounded.
The kobold hits you with a +0 club.
You die...

### #.. #.# #.#
##.################
##..................
#>..)...............
#.#.#.############.. #
#@#... ...#####..
#K#####...........
#..lll...#...........
#)..~~~~.#.#.........##
#..~~~~~...#.........#
##.~~~~~~..+.........##
#.~~~~~~..#...........
#..~~~~...#...........
##....................


You could see a kobold and 3 frilled lizards.

Vanquished Creatures
  3 ball pythons (D:1)
  4 endoplasms (D:1)
  A frilled lizard (D:1)
  3 kobolds (D:1)
  4 rats (D:1)
15 creatures vanquished.

Notes
Turn   | Place    | Note
-------+----------+-------------------------------------------
     0 | D:1      | Nicoed the Octopode Transmuter began the quest for the Orb.
     0 | D:1      | Reached XP level 1. HP: 13/13 MP: 3/3
   289 | D:1      | Reached XP level 2. HP: 13/18 MP: 3/5
   408 | D:1      | Learned a level 2 spell: Wereblood
   496 | D:1      | Slain by a kobold

Illustrated notes

Levels and vault maps discovered:
D:1:      roderic_octagonal_star, layout_basic,
          ebering_ecumenical_altar_abandoned, minmay_lizard_pond

Skill      XL: |  1  2 |
---------------+-------+-----
Transmutations | 3 |  3.0
Fighting       | |  1.0
Dodging        | |  2.0
Unarmed Combat | |  3.0
Spellcasting   | |  2.0

Action                     || total
---------------------------++-------
  Melee: Unarmed           ||    34
         Kick              ||    11
         Constrict         ||     8
         Tentacles         ||     4
   Cast: Beastly Appendage ||    10
   Stab: Sleeping          ||     1
 Armour: Skin              ||     1
  Dodge: Dodged            ||    22
